 Dungeon Crawl Stone Soup version 0.30-a0-613-gdd512c7efb (webtiles) character file.

Game seed: 15062783575643236514

182 OTABOTABOTAB the Insei (level 5, 0/33 HPs)
             Began as an Octopode Transmuter on Jan 8, 2023.
             Slain by an orc wizard
             ... wielding a +0 dagger
              (2 damage)
             ... on level 4 of the Dungeon.
             The game lasted 00:06:21 (2878 turns).

OTABOTABOTAB the Insei (Octopode Transmuter)        Turns: 2878, Time: 00:06:21

Health: 0/33       AC:  1    Str: 15    XL:     5   Next: 61%
Magic:  8/8        EV: 13    Int: 18    God:
Gold:   210        SH:  0    Dex: 12    Spells: 2/8 levels left

rFire   . . .      SeeInvis .    q - +6 hand axe
rCold   . . .      Faith    .    (no shield)
rNeg    + . .      Spirit   .    (helmet restricted)
rPois   .          Reflect  .    (no amulet)
rElec   .          Harm     .    a - +6 ring of strength
rCorr   .          Rampage  .    N - ring of positive energy {rN+}
Will    .....                    (no ring)
Stlth   ++                       (no ring)
HPRegen 0.25/turn                (no ring)
MPRegen 0.11/turn                (no ring)
                                 (no ring)
                                 (no ring)

@: flying
A: almost no armour, amphibious, 8 rings, camouflage 1, gelatinous body 1,
(nimble swimmer 1), tentacles
a: no special abilities


You were on level 4 of the Dungeon.
You visited 1 branch of the dungeon, and saw 4 of its levels.

You collected 210 gold pieces.

Inventory:

Hand Weapons
 q - a +6 hand axe (weapon)
   (You found it on level 3 of the Dungeon)
Missiles
 k - 3 silver boomerangs
 o - 3 poisoned darts
 s - 33 stones
Magical Staves
 c - a staff of cold {rC+}
   (You found it on level 1 of the Dungeon)
 d - a staff of fire {rF+}
   (You found it on level 1 of the Dungeon)
Jewellery
 a - a +6 ring of strength (left tentacle)
   (You found it on level 1 of the Dungeon)
 N - a ring of positive energy (right tentacle) {rN+}
   (You found it on level 1 of the Dungeon)
Scrolls
 b - a scroll of immolation {unknown}
 e - a scroll of enchant armour {unknown}
 f - a scroll of teleportation {unknown}
 h - 4 scrolls of identify {unknown}
 i - 2 scrolls of vulnerability {unknown}
 l - a scroll of amnesia {unknown}
Potions
 g - a potion of mutation {unknown}
 j - 4 potions of heal wounds {unknown}
 B - a potion of brilliance
 P - a potion of lignification {!q}


   Skills:
 - Level 1.0 Fighting
 - Level 2.0 Dodging
 + Level 4.4 Unarmed Combat
 - Level 2.0 Spellcasting
 + Level 3.8 Transmutations
 + Level 2.7 Poison Magic


You had 2 spell levels left.
You knew the following spells:

 Your Spells              Type           Power      Damage    Failure   Level
a - Beastly Appendage     Tmut           30%        N/A       3%          1
b - Wereblood             Tmut           15%        N/A       6%          2
c - Spider Form           Tmut/Pois      13%        N/A       14%         3

Your spell library contained the following spells:

 Spells                   Type           Power      Damage    Failure   Level
 Ice Form                 Ice/Tmut       8%         N/A       63%         4


Dungeon Overview and Level Annotations

Branches:
Dungeon (4/15)
 Temple: D:4-7

Altars:
Trog

Shops:
D:1 *


Innate Abilities, Weirdness & Mutations

You cannot wear most types of armour.
You are amphibious.
You can wear up to eight rings at the same time.
Your skin changes colour to match your surroundings (Stealth+).
Your rubbery body absorbs attacks. (AC +1, EV +1)
((You are camouflaged when in or above water. (Stealth+)))
You have tentacles for arms and can constrict up to eight enemies at once.


Message History

You hit the adder.
You kill the adder!
MP restored: 8 No target in view!
No target in view!
Your tentacle spike disappears.
Found a stone staircase leading up.
Health restored: 33 An orc comes into view.
It is wielding a +0 hand axe.
An orc is nearby!
One of your tentacles grows a vicious spike.
You now have 7/8 mp.
You slash the orc!
You kill the orc!
Unknown command.
No target in view!
Your tentacle spike disappears.
An orc comes into view. It is wielding a +0 hand axe.
MP restored: 8 One of your tentacles grows a vicious spike.
You now have 7/8 mp.
Unknown command.
You barely miss the orc. You grab the orc.
You pierce the orc.
You kill the orc!
No target in view!
No target in view!
Your tentacle spike disappears.
A kobold, an orc and 2 orc wizards come into view.
The kobold is wielding a +0 whip and quivering poisoned darts.
MP restored: 8 What are your orders? t - Shout!
Orders for allies: a - Attack new target. r - Retreat! s - Stop attacking. g - Guard the area. f - Follow me.
Anything else - Cancel.
You shout for attention!
You hear a shout!
You hear an angry hiss.
You hear a shout!
What are your orders? t - Shout!
Orders for allies: a - Attack new target. r - Retreat! s - Stop attacking. g - Guard the area. f - Follow me.
Anything else - Cancel.
You shout for attention!
The orc shouts!
You hear an angry hiss.
You hear a shout!
What are your orders? t - Shout!
Orders for allies: a - Attack new target. r - Retreat! s - Stop attacking. g - Guard the area. f - Follow me.
Anything else - Cancel.
You shout for attention!
A ball python comes into view.
One of your tentacles grows a vicious spike.
You now have 7/8 mp.
The orc wizard gestures wildly while chanting.
The orc wizard flickers and vanishes!
Deactivating autopickup; reactivate with Ctrl-A.
The orc hits you with a +0 hand axe.
You take 4 damage, and have 29/33 hp.
You hit the orc. Your grab misses the orc.
You pierce the orc.
You kill the orc!
A magic dart appears from out of thin air!
The magic dart hits you!
You take 7 damage, and have 22/33 hp.
MASSIVE DAMAGE!!
Something hits you.
You see here a +0 hand axe.
You take 1 damage, and have 21/33 hp.
You closely miss something. Something hits you.
You take 2 damage, and have 19/33 hp.
You barely miss something.
Your tentacle-slap misses something.
Your squeeze misses something. Something hits you.
You take 4 damage, and have 15/33 hp.
You hit something. Your squeeze misses something. Something hits you.
You hear some strange, mumbled words.
A puff of flame appears from out of thin air!
The puff of flame hits you!
* * * LOW HITPOINT WARNING * * *
You take 11 damage, and have 4/33 hp.
MASSIVE DAMAGE!!
MP restored: 8 It was a potion of brilliance.
You feel clever all of a sudden.
B - a potion of brilliance Something hits you.
* * * LOW HITPOINT WARNING * * *
You take 1 damage, and have 3/33 hp.
It was a potion of cancellation.
Your magical effects are unravelling.
You feel magically purged.
Your tentacle spike disappears.
You feel a little less clever now. Something hits you.
* * * LOW HITPOINT WARNING * * *
You take 1 damage, and have 2/33 hp.
It was a potion of flight.
You feel very buoyant.
You fly up into the air.
Something hits you.
You die...

############ #####......<....
#...........###
########.###.###.).#
...............#...#########.
...†.......#.#.#....)........
.#######.#......S...o.o......
###.......#{#####.....#.
#......#..#@# .###.#
#.#.##....#.# o#
#.#.......<÷# .#
#.#######.### oo #.# #.# .#
##.# #.# K# #..# #.# #.##
#.## .# #.# #..##


You could see a ball python.

Vanquished Creatures
  A howler monkey (D:4)
  An iguana (D:4)
  6 adders
  2 worms (D:2)
  A dart slug (D:2)
  3 orcs (D:4)
  9 endoplasms
  3 giant cockroaches
  3 hobgoblins
  2 quokkas (D:2)
  5 ball pythons
  7 bats
  2 frilled lizards
  2 goblins
  A kobold (D:1)
  8 rats
56 creatures vanquished.

Notes
Turn   | Place    | Note
-------+----------+-------------------------------------------
     0 | D:1      | OTABOTABOTAB the Octopode Transmuter began the quest for
                  | the Orb.
     0 | D:1      | Reached XP level 1. HP: 13/13 MP: 3/3
   112 | D:1      | Found a faded altar of an unknown god.
   184 | D:1      | Reached XP level 2. HP: 17/18 MP: 5/5
   561 | D:1      | Found Gepop's Assorted Antiques.
   853 | D:2      | Reached XP level 3. HP: 16/23 MP: 4/6
   942 | D:2      | Learned a level 2 spell: Wereblood
   946 | D:2      | Learned a level 3 spell: Spider Form
  1112 | D:2      | Reached skill level 3 in Transmutations
  1412 | D:2      | Reached skill level 1 in Poison Magic
  1473 | D:2      | Reached XP level 4. HP: 18/28 MP: 7/7
  1943 | D:3      | Reached skill level 4 in Unarmed Combat
  2198 | D:3      | Found a bloodstained altar of Trog.
  2571 | D:4      | Reached skill level 2 in Poison Magic
  2571 | D:4      | Reached XP level 5. HP: 17/33 MP: 8/8
  2875 | D:4      | HP: 4/33 [something/puff of flame (10)]
  2878 | D:4      | Slain by an orc wizard

Illustrated notes

Levels and vault maps discovered:
D:1:      dpeg_arrival_orchard, layout_basic, serial_shops, shop,
          ebering_ecumenical_altar_webs
D:2:      layout_basic, serial_curves, eino_curves_03, eino_curves_04,
          eino_curves_02, eino_curves_01
D:3:      layout_loops_corners, trog_book, st_stairs_8
D:4:      layout_loops_ring, lemuel_doored_altar, uniq_natasha

Skill      XL: |  1  2  3  4 |
---------------+-------------+-----
Transmutations | 3 |  3.8
Poison Magic   | 1 2 |  2.7
Unarmed Combat | 4 |  4.4
Fighting       | |  1.0
Dodging        | |  2.0
Spellcasting   | |  2.0

Action                   |  1- 3 |  4- 6 || total
-------------------------+-------+-------++-------
Melee: Unarmed           |    63 |    12 ||    75
       Kick              |     5 |     4 ||     9
       Constrict         |    13 |     9 ||    22
       Tentacles         |    10 |    10 ||    20
       Punch             |     2 |       ||     2
       Hand axe          |       |    32 ||    32
Throw: Stone             |     4 |       ||     4
 Cast: Beastly Appendage |     9 |     7 ||    16
 Abil: End Transformatio |     8 |     6 ||    14
  Use: Potion            |       |     3 ||     3
 Stab: Sleeping          |     8 |     6 ||    14
Armor: Skin              |     4 |     1 ||     5
Dodge: Dodged            |    33 |    13 ||    46

Table legend: (Time is in decaauts)
 A = Elapsed time spent in this place.
 B = Non-inter-level travel time spent in this place.
 C = Inter-level travel time spent in this place.
 D = Time resting spent in this place.
 E = Time spent auto-exploring this place.
 F = Levels seen in this place.
 G = Mean time per level.
                   A        B        C        D        E       F      G
               +--------+--------+--------+--------+--------+-----+--------+
         Total |   2881 |   2816 |     65 |     63 |   2335 |   4 |  720.2 |
       Dungeon |   2881 |   2816 |     65 |     63 |   2335 |   4 |  720.2 |
               +--------+--------+--------+--------+--------+-----+--------+

Top non-repeatable levels by time:
     D:3: 897 daAuts
     D:1: 834 daAuts
     D:2: 830 daAuts
     D:4: 319 daAuts

Table legend:
 A = Kills in this place as a percentage of kills in entire the game.
 B = Kills by you in this place as a percentage of kills by you in the entire game.
 C = Kills by friends in this place as a percentage of kills by friends in the entire game.
 D = Other kills in this place as a percentage of other kills in the entire game.
 E = Experience gained in this place as a percentage of experience gained in the entire game.
 F = Experience gained in this place divided by the number of levels of this place that you have seen.
                   A       B       C       D       E      F
               +-------+-------+-------+-------+-------+----------------------
         Total | 100.0 | 100.0 |   N/A |   N/A | 100.0 |  65.0
       Dungeon | 100.0 | 100.0 |   N/A |   N/A | 100.0 |  65.0
               +-------+-------+-------+-------+-------+----------------------
